[Event "Late-Titled-Tuesday-Blitz-March-26-2024"]
[Site "Chess.com"]
[Date "2024.03.26"]
[Round "4"]
[White "Fh2411"]
[Black "Kavyev_Ruslan"]
[Result "1-0"]
[WhiteElo "2586"]
[BlackElo "2389"]
[TimeControl "180+1"]
[EndTime "14:40:46 PDT"]
[Termination "Fh2411 won on time"]

1. d4 c5 2. d5 e5 3. c4 d6 4.
g3 Be7 5. Nc3 Bg5 6. e3 Ne7 7. h4 Bh6 8. Bh3 f5 9. Qh5+ Kf8 10. e4 Bxc1 11. Rxc1 g6 12. Qh6+ Kg8 13. Nf3 a6 14. h5 Qf8 15. Qxf8+ Kxf8 16. Ng5 Ra7 17. f4 Nd7 18. Kd2 b6 19. Rcf1 exf4 20. gxf4 Nf6 21. hxg6 hxg6 22. e5 dxe5 23. fxe5 Nh5 24.
d6 Nc6 25. e6 Nd4 26. e7+ Ke8 27. Bg2 Rg8 28. Bd5 Rg7 29. Re1 Bd7 30. Ne2 1-0

[Event "Late-Titled-Tuesday-Blitz-March-26-2024"]
[Site "Chess.com"]
[Date "2024.03.26"]
[Round "4"]
[White "Agibileg"]
[Black "Nf3c5"]
[Result "1-0"]
[WhiteElo "2768"]
[BlackElo "2551"]
[TimeControl "180+1"]
[EndTime "14:40:47 PDT"]
[Termination "Agibileg won on time"]

1. d4 Nf6 2. c4 g6 3. Nc3 Bg7 4. e4 d6 5. Be2 Na6 6. Be3 O-O 7. h4 c5 8. d5 e6 9. h5 exd5 10. exd5 Re8 11. hxg6 hxg6 12. Qd2 Ne4 13. Nxe4 Rxe4 14. Nf3 Qb6 15. Rb1 Bf5 16. Bd3 Nb4 17. Bxe4 Bxe4 18. Rd1 Nd3+ 19. Kf1 Nxb2 20. Bh6 Bh8 21. Bg5 Bg7 22.
Re1 Nxc4 23. Qf4 f5 24. Nh4 Ne5 25. Qg3 Qb5+ 26. Kg1 Qb4 27. f3 Nd3 28. Rd1 Qd4+ 29. Kh2 Be5 30. f4 Bg7 31. Nxg6 Kf7 32. Nh4 Rh8 33. Rhe1 Bf6 34. Re3 c4 35. Kg1 Rg8 36. Kh2 Bxg5 37. fxg5 f4 38. Qxf4+ Nxf4 39. Rxd4 1-0

[Event "Late-Titled-Tuesday-Blitz-March-26-2024"]
[Site "Chess.com"]
[Date "2024.03.26"]
[Round "4"]
[White "misterlamine"]
[Black "elcala"]
[Result "1-0"]
[WhiteElo "2478"]
[BlackElo "1769"]
[TimeControl "180+1"]
[EndTime "14:40:47 PDT"]
[Termination "misterlamine won by resignation"]

1. d4 Nf6 2. c4 c5 3. d5 d6 4. Nc3 g6 5. e4 Bg7 6. Nf3 Bg4 7. Be2 O-O 8. Be3 Nbd7 9. h3 Bxf3 10. Bxf3 a6 11. Qd2 Rb8 12. Be2 Ne5 13. a3 Qa5 14.
O-O b5 15. cxb5 axb5 16. f4 Nc4 17. Bxc4 bxc4 18. Rf2 Nh5 19. Raf1 Ng3 20. Rc1 Bxc3 21. Rxc3 Nxe4 22. Qc2 Nxc3 23. bxc3 Qxa3 24. f5 Qb3 25. Qe2 Qxc3 26. Bh6 Rfe8 27. fxg6 fxg6 28. Qe6+ Kh8 29. Qf7 Rb1+ 30. Kh2 Rbb8 31. Rf3 Qe5+ 32. Bf4 Qg7 33.
Qe6 Qf6 34. Be5 c3 35. Bxf6+ exf6 36. Qxf6+ Kg8 37. Qxc3 Rf8 38. Rg3 Rf6 39. Qxf6 1-0

[Event "Late-Titled-Tuesday-Blitz-March-26-2024"]
[Site "Chess.com"]
[Date "2024.03.26"]
[Round "4"]
[White "Boudicca64"]
[Black "KladenskyAmater"]
[Result "0-1"]
[WhiteElo "1774"]
[BlackElo "2243"]
[TimeControl "180+1"]
[EndTime "14:40:47 PDT"]
[Termination "KladenskyAmater won on time"]

1. e4 e5 2. d4 exd4 3. Qxd4 Nc6 4. Qe3 Nf6 5. Nc3 Bb4 6. Bd2 d6 7. O-O-O O-O 8. f4 Qe7 9. Bd3 Re8 10. Re1 Bc5 11.
Qg3 Ng4 12. Nd5 Qd8 13. Nh3 Be6 14. Bc3 f6 15. f5 Bxd5 16. Qxg4 Bxa2 17. b3 Ne5 18.
Qg3 Ba3+ 19. Kd1 a5 20. Nf4 a4 21. Nh5 Qe7 22. Bxe5 dxe5 23. Bc4+ Kh8 24. Ke2 axb3 25. cxb3 Red8 26. Ra1 Bb4 0-1

[Event "Late-Titled-Tuesday-Blitz-March-26-2024"]
[Site "Chess.com"]
[Date "2024.03.26"]
[Round "4"]
[White "1g60-1"]
[Black "colegiodemadrid"]
[Result "1-0"]
[WhiteElo "2392"]
[BlackElo "2517"]
[TimeControl "180+1"]
[EndTime "14:40:48 PDT"]
[Termination "1g60-1 won by resignation"]

1. e4 c5 2. Nf3 d6 3. d4 cxd4 4. Nxd4 Nf6 5. Nc3 e6 6. Be3 a6 7.
f3 Nbd7 8. Qd2 b5 9. O-O-O Bb7 10. g4 Nb6 11. Bd3 Rc8 12. Kb1 Nfd7 13. f4 Nc5 14. a3 Be7 15. f5 e5 16. Nb3 Nxb3 17. cxb3 h6 18. h4 Kf8 19. g5 d5 20. Bxb6 Qxb6 21. Nxd5 Bxd5 22. exd5 Bd6 23. f6 gxf6 24. Rhf1 fxg5 25.
Bf5 Rc7 26. hxg5 hxg5 27. Qxg5 Be7 28. Qg3 Qd6 29. Be6 Bh4 30. Qe3 Ke8 31. Bf5 Be7 32. Be4 a5 33. Rc1 a4 34. Rxc7 Qxc7 35. Rc1 Qd8 36.
bxa4 Bg5 37. Qc3 Bxc1 38. Qxe5+ Qe7 39. Qxh8+ Kd7 40. Bf5+ Kc7 41. Qc8+ Kd6 42. Kxc1 Qe1+ 43. Kc2 Qe2+ 44. Kb3 bxa4+ 45. Kxa4 Qd1+ 46. Bc2 Qd4+ 47. b4 Qa7+ 48. Kb3 Kxd5 49. Qc4+ Ke5 50. Qc5+ Qxc5 51.
bxc5 Kd5 52. Kb4 f5 53. Bxf5 1-0

[Event "Late-Titled-Tuesday-Blitz-March-26-2024"]
[Site "Chess.com"]
[Date "2024.03.26"]
[Round "4"]
[White "Mazetovic"]
[Black "Gravity_Chess"]
[Result "0-1"]
[WhiteElo "2604"]
[BlackElo "2838"]
[TimeControl "180+1"]
[EndTime "14:40:49 PDT"]
[Termination "Gravity_Chess won by resignation"]

1. e4 c5 2. Nf3 e6 3. c3 Nf6 4. d3 Nc6 5. Nbd2 d6 6. g3 g6 7.
Bg2 Bg7 8. O-O O-O 9. Re1 e5 10. Nc4 h6 11. a4 Be6 12. Ne3 Re8 13. Nd2 d5 14. exd5 Nxd5 15. Nec4 Nb6 16. Qe2 Nxc4 17. dxc4 f5 18. Nf1 Kh7 19. Ne3 e4 20. Rd1 Qe7 21. Nd5 Qf7 22. Bf4 Rad8 23. a5 Ne5 24. Bxe5 Bxe5 25. h4 Bxd5 26. cxd5 Bd6 27. a6 b6 28. Ra4 Kg7 29. b3 Qf6 30. Rc1 Re7 31. b4 Rf8 32. b5 f4 33. Rxe4 Rxe4 34. Qxe4 fxg3 35. fxg3 Bxg3 36. Rf1 Bf2+ 37. Kh1 Qxh4+ 38. Qxh4 Bxh4 39. Rxf8 Kxf8 40. Be4 Kf7 41. c4 Bg3 42. Kg2 Bd6 43. Kf3 Kf6 44. Kg4 h5+ 45. Kf3 g5 46. Bh7 g4+ 47. Ke4 Kg5 48. Bf5 h4 49. Bd7 h3 50.
Ke3 h2 0-1

[Event "Late-Titled-Tuesday-Blitz-March-26-2024"]
[Site "Chess.com"]
[Date "2024.03.26"]
[Round "4"]
[White "N_I_Chess"]
[Black "a_kandil"]
[Result "0-1"]
[WhiteElo "2319"]
[BlackElo "2513"]
[TimeControl "180+1"]
[EndTime "14:40:49 PDT"]
[Termination "a_kandil won on time"]

1. d4 Nf6 2. c4 g6 3. Nc3 d5 4. cxd5 Nxd5 5. Bd2 Bg7 6. e4 Nb6 7.
Be3 O-O 8. Nf3 Nc6 9. d5 Na5 10. Be2 Bg4 11. Bd4 Bxf3 12. gxf3 Bxd4 13. Qxd4 Qd6 14. e5 c5 15. Qe3 Qc7 16. h4 Nac4 17. Qh6 Qxe5 18. h5 Nxb2 19. Kd2 N2c4+ 20. Kc2 Nxd5 21.
Nxd5 Qxe2+ 22. Kc3 Qb2+ 23. Kxc4 Qd4+ 24. Kb3 Qxd5+ 25.
Kc2 Qc4+ 26. Kb2 Qd4+ 27. Kc2 Qg7 0-1

[Event "Late-Titled-Tuesday-Blitz-March-26-2024"]
[Site "Chess.com"]
[Date "2024.03.26"]
[Round "4"]
[White "expii"]
[Black "kinga2008"]
[Result "0-1"]
[WhiteElo "2196"]
[BlackElo "2449"]
[TimeControl "180+1"]
[EndTime "14:40:49 PDT"]
[Termination "kinga2008 won by checkmate"]

1. e4 c5 2. Nf3 Nc6 3. d4 cxd4 4. Nxd4 e5 5. Ne2 Nf6 6. Nbc3 a6 7. g3 b5 8. a3 Bb7 9. Bg2 Be7 10. O-O O-O 11. h3 Rc8 12. Be3 Na5 13. g4 Nc4 14. Bc1 Nb6 15. Kh1 d5 16. exd5 Nfxd5 17. Nxd5 Nxd5 18. Ng3 Qd7 19. c3 Rfd8 20. Be3 Nxe3 21. fxe3 Bxg2+ 22. Kxg2 Qe6 23. Qf3 Rd2+ 24. Rf2 Rcd8 25. Rf1 Bh4 26.
Rxd2 Rxd2+ 27. Rf2 Rxf2+ 28. Qxf2 Qd5+ 29. Qf3 Qd2+ 30. Ne2 g6 31. Qa8+ Kg7 32. Kf3 Qd1 33. e4 Qd3+ 34. Kg2 Qxe2+ 35. Kg1 Qf2+ 36. Kh1 Bg3 37. Qg8+ Kxg8 38. h4 Qf1# 0-1

[Event "Late-Titled-Tuesday-Blitz-March-26-2024"]
[Site "Chess.com"]
[Date "2024.03.26"]
[Round "4"]
[White "Heliosis11"]
[Black "guillembaches"]
[Result "1-0"]
[WhiteElo "2318"]
[BlackElo "2532"]
[TimeControl "180+1"]
[EndTime "14:40:51 PDT"]
[Termination "Heliosis11 won by resignation"]

1. e4 d5 2. exd5 Qxd5 3. Nc3 Qa5 4. d4 Nf6 5. Bd2 Bg4 6. Be2 Bxe2 7. Ncxe2 Qa6 8. Nf3 e6 9. O-O Be7 10. Bf4 Bd6 11. Ne5 O-O 12. Nc3 Nc6 13. Qd2 Rad8 14.
Nxc6 Qxc6 15. Bxd6 Rxd6 16. Rad1 Rfd8 17. Qe3 Nd5 18.
Nxd5 Rxd5 19. c3 b5 20. Rfe1 a5 21. Qf3 b4 22. h3 bxc3 23. bxc3 Qc4 24. Qg3 g6 25.
Rb1 R8d6 26. Rb8+ Kg7 27. Re3 Qxa2 28. Rf3 Rd7 29. Qh4 Rf5 30. Re3 a4 31. Re5 a3 32.
g4 Rf3 33. g5 h5 34. gxh6+ Kh7 35. Ra5 Qa1+ 36. Kg2 Qc1 37. Raa8 1-0

[Event "Late-Titled-Tuesday-Blitz-March-26-2024"]
[Site "Chess.com"]
[Date "2024.03.26"]
[Round "4"]
[White "maximnovik"]
[Black "Attacker_2006"]
[Result "1-0"]
[WhiteElo "2587"]
[BlackElo "2390"]
[TimeControl "180+1"]
[EndTime "14:40:53 PDT"]
[Termination "maximnovik won by resignation"]

1. e4 e5 2. Nf3 Nc6 3. Bb5 a6 4. Ba4 Nf6 5. d3 b5 6. Bb3 Bc5 7. c3 O-O 8. Nbd2 d5 9. O-O Bg4 10. h3 Bh5 11. exd5 Nxd5 12. Ne4 Bb6 13. Re1 Re8 14. Ng3 Bg6 15. d4 e4 16. Ng5 e3 17.
Nf3 exf2+ 18. Kxf2 Qd6 19. Bd2 Nf4 20. Bxf4 Qxf4 21.
Qd2 Qd6 22. Rxe8+ Rxe8 23. Re1 Rd8 24. Ne4 Bxe4 25. Rxe4 Na5 26. Qe3 Nxb3 27. axb3 h6 28. b4 Qd5 29. Re5 Qb3 30. Re8+ Rxe8 31. Qxe8+ Kh7 32. Qe2 Qd5 33. Qe5 Qb3 34. Qe4+ Kg8 35. Qe8+ Kh7 36. Qe2 c6 37. Ne5 Qd5 38. Qf3 Qxf3+ 39.
Kxf3 1-0

[Event "Late-Titled-Tuesday-Blitz-March-26-2024"]
[Site "Chess.com"]
[Date "2024.03.26"]
[Round "4"]
[White "nabukatnezarr"]
[Black "TigrVShlyape"]
[Result "0-1"]
[WhiteElo "2605"]
[BlackElo "2896"]
[TimeControl "180+1"]
[EndTime "14:40:55 PDT"]
[Termination "TigrVShlyape won by resignation"]

1. d4 f5 2. Nc3 Nf6 3. Bg5 d5 4. e3 Be6 5. Nf3 Nbd7 6. Bd3 g6 7. Bf4 Bf7 8. Ne5 c6 9. h3 e6 10. O-O Nxe5 11. Bxe5 Bd6 12. Bxd6 Qxd6 13. f4 h6 14. Nb1 g5 15. c3 Rg8 16. Nd2 Bh5 17. Qe1 O-O-O 18.
b4 Rg7 19. b5 cxb5 20. Rb1 Rdg8 21. Rf2 gxf4 22. exf4 Rg3 23. Bxb5 Rxc3 24. Bf1 Rc7 25.
Rc1 Rg7 26. Rxc7+ Rxc7 27. Nb3 Ne4 28. Rb2 Qxf4 29. Bd3 b6 30. Bxe4 dxe4 31. Rf2 Qg3 32. d5 exd5 33. Nd4 e3 34. Rf1 Qxe1 35. Rxe1 f4 36. Ne6 Rc4 37. Ng7 Bg6 38. h4 d4 39. h5 Bc2 40. Ne8 Kd7 41. Nf6+ Kd6 42.
Ng4 d3 43. Nxh6 d2 44. Rf1 d1=Q 45. Rxd1+ Bxd1 46. Nf5+ Ke5 47. h6 Kxf5 0-1

[Event "Late-Titled-Tuesday-Blitz-March-26-2024"]
[Site "Chess.com"]
[Date "2024.03.26"]
[Round "4"]
[White "TorFredrikKaasen"]
[Black "Matrix3x3a"]
[Result "1-0"]
[WhiteElo "2836"]
[BlackElo "2601"]
[TimeControl "180+1"]
[EndTime "14:40:56 PDT"]
[Termination "TorFredrikKaasen won by resignation"]

1. e4 c5 2. Nf3 d6 3. Bb5+ Nd7 4. O-O a6 5. Bd3 Ngf6 6. Re1 Qc7 7. a4 b6 8. c3 Bb7 9. Bc2 c4 10. Na3 g6 11. b3 cxb3 12. Bxb3 Bg7 13. Bb2 O-O 14. d3 e5 15. Nc2 h6 16. Ne3 b5 17. axb5 axb5 18. Qc2 Nc5 19. Nd2 Bc6 20. Rxa8 Rxa8 21. Ra1 Qb7 22. Ba3 Nxb3 23. Qxb3 d5 24. Qc2 dxe4 25.
dxe4 Nxe4 26. Bb2 Nxd2 27. Qxd2 Rxa1+ 28. Bxa1 Qe7 29. Bb2 Kh7 30. h3 e4 31. c4 bxc4 32. Bxg7 Kxg7 33. Qd4+ Qf6 34. Qxc4 Qe6 35. Qd4+ f6 36.
Qa7+ Qd7 37. Qc5 Kf7 38. Qc3 Qe6 39. Qc5 h5 40. Qa7+ Qd7 41. Qc5 Qe6 42. Nc4 Qd5 43. Qa7+ Ke6 44. Ne3 Qd6 45. Qg7 g5 46. Qg8+ Ke5 47.
Nc4+ 1-0

[Event "Late-Titled-Tuesday-Blitz-March-26-2024"]
[Site "Chess.com"]
[Date "2024.03.26"]
[Round "4"]
[White "ImportedItalianMaple"]
[Black "ArchibaldCerveza29"]
[Result "0-1"]
[WhiteElo "2512"]
[BlackElo "2379"]
[TimeControl "180+1"]
[EndTime "14:40:57 PDT"]
[Termination "ArchibaldCerveza29 won by resignation"]

1. Nf3 Nf6 2. g3 g6 3. Bg2 Bg7 4. O-O O-O 5. d4 d6 6. c4 c5 7. d5 e6 8. Nc3 exd5 9. cxd5 Re8 10. Bf4 Na6 11. Nd2 Nh5 12. e4 Nxf4 13. gxf4 Nc7 14. a4 b6 15. Re1 Qh4 16. Qf3 Bh6 17. Ne2 Qf6 18. Nc4 Rb8 19. e5 dxe5 20. fxe5 Qxf3 21.
Bxf3 Ba6 22. b3 Bxc4 23. bxc4 Rxe5 24. Nc3 Bg7 25. Rxe5 Bxe5 26. Rc1 Bxc3 27. Rxc3 Ne8 28. Bg4 Nd6 29. Bd7 Rb7 30. Bb5 Re7 31. Re3 Kf8 32. Kg2 Rxe3 33. fxe3 f5 34. Kf3 Ke7 35. Kf4 Kf6 36. h4 h6 37. Ba6 g5+ 38. hxg5+ hxg5+ 39. Kf3 Ke5 40. Ke2 Ke4 41. Kf2 f4 42. exf4 gxf4 43. Ke2 f3+ 44. Kf2 Kf4 45. Bb5 Ne4+ 46. Kf1 Ke3 0-1

[Event "Late-Titled-Tuesday-Blitz-March-26-2024"]
[Site "Chess.com"]
[Date "2024.03.26"]
[Round "4"]
[White "GoltsevDmitry2000"]
[Black "CrushingKings"]
[Result "1-0"]
[WhiteElo "2798"]
[BlackElo "2564"]
[TimeControl "180+1"]
[EndTime "14:40:58 PDT"]
[Termination "GoltsevDmitry2000 won on time"]

1. e4 g6 2. h4 Bg7 3. h5 c5 4. c3 Nc6 5. d3 e6 6. h6 Bf6 7.
Nf3 Nge7 8. g4 O-O 9. Be2 d5 10. Bf4 e5 11. Bg5 Bh8 12. Rg1 Be6 13. Nbd2 f6 14.
Bh4 g5 15. Bg3 d4 16. c4 Bxg4 17. Bh2 Be6 18. Nb3 b6 19. Qd2 Ng6 20. O-O-O Qe7 21. Bg3 Rfb8 22. Nh2 b5 23. Rdf1 bxc4 24. dxc4 a5 25.
Qd1 a4 26. Nd2 Nb4 27. a3 d3 28. axb4 dxe2 29. Qxe2 cxb4 30. Ng4 b3 31. Nb1 a3 32. bxa3 Rxa3 33. Nxa3 b2+ 34. Qxb2 Rxb2 35. Kxb2 Qb4+ 36.
Ka2 Qd2+ 37. Kb3 Bxg4 38. Rc1 Ne7 39. Rc2 Qd4 40. Bxe5 Qb6+ 41. Ka2 Be6 42. Bb2 Nc6 43. Bc3 Qc5 44. Bd2 Kf7 45. Rb1 f5 46. exf5 Bxf5 47.
Rb5 1-0

[Event "Late-Titled-Tuesday-Blitz-March-26-2024"]
[Site "Chess.com"]
[Date "2024.03.26"]
[Round "4"]
[White "Meri-Arabidze"]
[Black "a-z30"]
[Result "1-0"]
[WhiteElo "2684"]
[BlackElo "2475"]
[TimeControl "180+1"]
[EndTime "14:40:58 PDT"]
[Termination "Meri-Arabidze won by resignation"]

1. Nf3 c5 2. c4 Nc6 3. g3 g6 4. Bg2 Bg7 5. O-O d6 6. d3 Nf6 7.
Nc3 O-O 8. a3 Qd7 9. Rb1 b6 10.
b4 Bb7 11. e3 Rac8 12. Qe2 Rfd8 13. Rd1 Ne5 14. Nxe5 dxe5 15. Bxb7 Qxb7 16. bxc5 Rxc5 17. a4 Rc7 18. a5 e4 19. d4 Rdc8 20. axb6 axb6 21.
c5 Rc6 22. Ba3 Qa8 23. d5 R6c7 24. Nb5 Rd7 25. cxb6 Nxd5 26. Nc7 Qxa3 27. Nxd5 Rb7 28. Qb5 e6 29. Nf4 h5 30. h4 Qc5 31. Qa6 Rcb8 32. Rd8+ Kh7 33. Rxb8 Rxb8 34. b7 Qc7 35. Qb6 Be5 36.
Qxc7 Bxc7 37. Ne2 Kg7 38. Nd4 Kf8 39. Nc6 Ke8 40. Nxb8 Bxb8 41. Rc1 Kd7 42. Rc8 1-0

[Event "Late-Titled-Tuesday-Blitz-March-26-2024"]
[Site "Chess.com"]
[Date "2024.03.26"]
[Round "4"]
[White "Laico"]
[Black "GarciaIsaac"]
[Result "0-1"]
[WhiteElo "2406"]
[BlackElo "2651"]
[TimeControl "180+1"]
[EndTime "14:40:59 PDT"]
[Termination "GarciaIsaac won on time"]

1. e4 c6 2. d4 d5 3. f3 e6 4. Nc3 Nf6 5. Be3 Bb4 6. Bd3 dxe4 7. fxe4 Nxe4 8. Bxe4 Bxc3+ 9. Kf1 Bxb2 10. Rb1 Ba3 11. Nf3 Nd7 12. h3 Nf6 13. Bd3 O-O 14. Bg5 h6 15.
Bh4 Be7 16. Qd2 b6 17. g4 Nd5 18. Bf2 f5 19. gxf5 exf5 20. Rg1 Kh8 21. c4 Nf6 22. Qf4 Bd6 23. Qh4 Ne4 24. Qh5 Nxf2 25. Kxf2 Be6 26. Rg6 Rf6 27. Rbg1 Bf7 28. Bxf5 Bxg6 29. Rxg6 Qf8 30.
Nh4 Be7 31. Kg2 Rd8 32. Kh1 Rdd6 33. Rxf6 Qxf6 34. Ng6+ Kg8 0-1

[Event "Late-Titled-Tuesday-Blitz-March-26-2024"]
[Site "Chess.com"]
[Date "2024.03.26"]
[Round "4"]
[White "PawnEatingZombie"]
[Black "Flaccidmoves"]
[Result "0-1"]
[WhiteElo "2184"]
[BlackElo "2438"]
[TimeControl "180+1"]
[EndTime "14:40:59 PDT"]
[Termination "Flaccidmoves won by resignation"]

1. e4 Nf6 2. e5 Nd5 3. d4 d6 4.
Nf3 dxe5 5. Nxe5 c6 6. c4 Nf6 7. Be2 Bf5 8. O-O Nbd7 9. Nc3 Nxe5 10. dxe5 Qxd1 11. Rxd1 Nd7 12. f4 e6 13. Be3 Bc5 14.
Kf2 a5 15. Bf3 h5 16. Bxc5 Nxc5 17. Ke3 h4 18. Rd6 Rd8 19. Rad1 Rxd6 20. Rxd6 Ke7 21. b3 f6 22. Ne4 Bxe4 23. Bxe4 fxe5 24. fxe5 Rh5 25.
Kf4 Nxe4 26. Kxe4 Rg5 27. Rd2 Rf5 28. a3 g5 29. b4 Rf4+ 30. Kd3 a4 31. Re2 Rf1 32.
Kd4 b6 33. Re4 Ra1 34. Rg4 Rxa3 35. Rxg5 Kf7 36. Rh5 Ra2 37. Rxh4 Rxg2 38. Rh7+ Kg6 39.
Rc7 a3 40. Ra7 a2 41. c5 b5 42. h4 Rg4+ 43. Kc3 Rc4+ 44. Kb3 Rxh4 45. Rxa2 Rh3+ 46. Kb2 Rh2+ 47. Kb3 Rxa2 48. Kxa2 Kf5 49. Kb3 Kxe5 50. Kc3 Kf4 0-1

[Event "Late-Titled-Tuesday-Blitz-March-26-2024"]
[Site "Chess.com"]
[Date "2024.03.26"]
[Round "4"]
[White "AnthonyWirig"]
[Black "Vladimir_Zakhartsov"]
[Result "0-1"]
[WhiteElo "2829"]
[BlackElo "2995"]
[TimeControl "180+1"]
[EndTime "14:41:00 PDT"]
[Termination "Vladimir_Zakhartsov won by resignation"]

1. d4 Nf6 2. Bg5 d5 3. Bxf6 exf6 4. e3 Bd6 5. c4 dxc4 6. Bxc4 O-O 7. Nc3 Nd7 8. Nf3 f5 9. O-O Nf6 10. Qc2 Qe7 11.
Nb5 Bb4 12. a3 Ba5 13. b4 Bb6 14. Nc3 c6 15. Na4 Bc7 16. Nc5 Ne4 17. Rfd1 g6 18. g3 Kg7 19. Rac1 h5 20. Bf1 Bd6 21. Bg2 Re8 22. Nxe4 fxe4 23. Ne5 Bxe5 24. dxe5 Qxe5 25. Rd4 Bf5 26. h4 a5 27. Rcd1 axb4 28. axb4 Ra3 29. Qb2 Rd3 30. R1xd3 exd3 31. e4 Rd8 32. exf5 Rxd4 33.
Qd2 Qxf5 34. Bf1 b6 35. Qc3 c5 36. bxc5 bxc5 37. Qd2 c4 38. Qc3 Qe5 39. Qd2 c3 40.
Qxc3 d2 41. Be2 d1=Q+ 42. Bxd1 Rxd1+ 0-1

[Event "Late-Titled-Tuesday-Blitz-March-26-2024"]
[Site "Chess.com"]
[Date "2024.03.26"]
[Round "4"]
[White "Boninknights"]
[Black "chessablanca"]
[Result "0-1"]
[WhiteElo "2385"]
[BlackElo "2667"]
[TimeControl "180+1"]
[EndTime "14:41:00 PDT"]
[Termination "chessablanca won on time"]

1. d4 Nf6 2. Nf3 e6 3. c4 Bb4+ 4. Bd2 Qe7 5. g3 O-O 6. Bg2 Bxd2+ 7. Nbxd2 d6 8. Nf1 Nbd7 9. Ne3 Re8 10. O-O e5 11. Nd5 Nxd5 12. cxd5 e4 13. Nd2 e3 14. Nc4 exf2+ 15. Rxf2 Nf6 16. Rc1 Bg4 17. Qb3 Rab8 18.
e3 Bh5 19. h3 Bg6 20. a4 Be4 21. Nd2 Bxg2 22. Kxg2 Rbc8 23. Rc3 b6 24. Rf4 Nh5 25.
Rf3 Qg5 26. g4 Nf6 27. Rf5 Qg6 28. Qc2 h5 29. g5 Nh7 30. Nf3 Nf8 31. e4 Re7 32.
Nh4 Qh7 33. e5 dxe5 34. Rxe5 Qxc2+ 35. Rxc2 Rd7 36. Nf5 Ng6 37. d6 Nxe5 38. dxe5 c5 0-1

[Event "Late-Titled-Tuesday-Blitz-March-26-2024"]
[Site "Chess.com"]
[Date "2024.03.26"]
[Round "4"]
[White "EternalNight8"]
[Black "salgadoLO"]
[Result "1-0"]
[WhiteElo "2453"]
[BlackElo "2161"]
[TimeControl "180+1"]
[EndTime "14:41:01 PDT"]
[Termination "EternalNight8 won on time"]

1. e4 c5 2. Nf3 e6 3. d4 cxd4 4.
Nxd4 a6 5. Bd3 Nc6 6. Be3 Qc7 7. O-O Nf6 8. c4 h5 9. Nxc6 Ng4 10. g3 Nxe3 11.
fxe3 dxc6 12. Nc3 e5 13. Qc1 Be6 14. a3 h4 15. Qe1 Be7 16. Rc1 O-O-O 17. Nd5 Bxd5 18.
cxd5 Bf6 19. dxc6 Kb8 20. cxb7 Qb6 21. Qe2 hxg3 22. hxg3 Rh3 23. Kg2 Rdh8 24. Rc8+ Kxb7 25. Bxa6+ Ka7 26. Rxh8 Rxh8 27. Bc4 Qc6 28. Bd5 Qc8 29. g4 Rh4 30. Kg3 Qh8 31. Qb5 Rh3+ 32. Kf2 Rh2+ 33.
Ke1 Qh4+ 34. Kd1 1-0

[Event "Late-Titled-Tuesday-Blitz-March-26-2024"]
[Site "Chess.com"]
[Date "2024.03.26"]
[Round "4"]
[White "eljanov"]
[Black "Firouzja2003"]
[Result "0-1"]
[WhiteElo "2900"]
[BlackElo "3098"]
[TimeControl "180+1"]
[EndTime "14:41:03 PDT"]
[Termination "Firouzja2003 won by resignation"]

1. d4 Nf6 2. Bf4 g6 3. Nf3 Bg7 4. e3 O-O 5. Be2 c5 6. O-O cxd4 7. exd4 Qb6 8. Nc3 d6 9. Rb1 Bf5 10. Bd3 Bg4 11. h3 Bxf3 12. Qxf3 Nc6 13. Ne2 Nxd4 14.
Nxd4 Qxd4 15. Rfe1 e6 16. Red1 Qb6 17. Be3 Qc7 18. Bg5 Nd7 19. Qg3 Nc5 20. c3 Qc6 21. Bc2 d5 22. h4 Ne4 23. Bxe4 dxe4 24. h5 h6 25. Be3 g5 26. Qd6 Qc4 27. a3 b6 28. Rd2 Rfd8 29. Qxd8+ Rxd8 30. Rxd8+ Kh7 31. Rbd1 Qe2 32. R1d7 Qxh5 33. Rxa7 Be5 34. g3 Qe2 35. Rd1 Qxd1+ 0-1

[Event "Late-Titled-Tuesday-Blitz-March-26-2024"]
[Site "Chess.com"]
[Date "2024.03.26"]
[Round "4"]
[White "Chempiblinka"]
[Black "hellokostya"]
[Result "0-1"]
[WhiteElo "2382"]
[BlackElo "2585"]
[TimeControl "180+1"]
[EndTime "14:41:04 PDT"]
[Termination "hellokostya won on time"]

1. Nf3 Nf6 2. g3 g6 3. Bg2 Bg7 4. O-O O-O 5. c4 d6 6. Nc3 e5 7. d3 Nc6 8. Rb1 a5 9. a3 Re8 10. b4 axb4 11. axb4 e4 12. dxe4 Nxe4 13. Nxe4 Rxe4 14.
Nd2 Re8 15. b5 Nd4 16. e3 Ne6 17. Qb3 Nc5 18. Qd1 Bf5 19. e4 Nxe4 20. Nxe4 Bxe4 21. Bxe4 Rxe4 22. Qd5 Rd4 23. Qxb7 Rxc4 24. Bg5 Qc8 25. Qf3 h6 26. Be3 Rb8 27. Rfe1 Qg4 28. Qd5 Qe4 29. Qd1 Qf5 30. b6 Rb7 31. Rc1 Rxc1 32. Qxc1 cxb6 33. Qc6 Qd7 34. Qd5 b5 35. Rc1 b4 36. Qb3 Qe6 37. Qa4 Rb8 38. Rb1 b3 39. h4 b2 40.
Qa3 Qe4 0-1

[Event "Late-Titled-Tuesday-Blitz-March-26-2024"]
[Site "Chess.com"]
[Date "2024.03.26"]
[Round "4"]
[White "GMBenjaminBok"]
[Black "aa175"]
[Result "0-1"]
[WhiteElo "2975"]
[BlackElo "2736"]
[TimeControl "180+1"]
[EndTime "14:41:05 PDT"]
[Termination "aa175 won on time"]

1. c4 Nf6 2. Nf3 c6 3. Nc3 d5 4. e3 a6 5. d4 Bf5 6. Bd2 e6 7.
Qb3 b5 8. cxd5 cxd5 9. Ne5 Bd6 10. Rc1 O-O 11. Be2 Bxe5 12. dxe5 Ng4 13. Bxg4 Bxg4 14. f3 Bf5 15. Ne2 Nd7 16. f4 Qh4+ 17. Ng3 Rfc8 18.
O-O Nc5 19. Qa3 Ne4 20. Rxc8+ Rxc8 21. Qxa6 Rd8 22. Ba5 Nxg3 23. hxg3 Qxg3 24. Rf3 Qh4 25. Bxd8 Qxd8 26. Qxb5 h5 27. Qb4 Be4 28. Rf2 h4 29. Kh2 g5 30. Qd2 g4 31. Rf1 g3+ 32. Kg1 h3 33.
Qe1 Qh4 34. Rf3 Bxf3 35. gxf3 h2+ 36. Kg2 Kf8 37. a4 Qh7 0-1

[Event "Late-Titled-Tuesday-Blitz-March-26-2024"]
[Site "Chess.com"]
[Date "2024.03.26"]
[Round "4"]
[White "Rud_Makarian"]
[Black "ckgchess"]
[Result "0-1"]
[WhiteElo "3102"]
[BlackElo "2925"]
[TimeControl "180+1"]
[EndTime "14:41:07 PDT"]
[Termination "ckgchess won by resignation"]

1. d4 Nf6 2. c4 e6 3. Nf3 b6 4. g3 Ba6 5. b3 b5 6. Bg2 bxc4 7.
Ne5 Bb4+ 8. Bd2 cxb3 9. Bxb4 b2 10. Nc3 bxa1=Q 11. Qxa1 d5 12. O-O Nfd7 13. Rd1 c5 14. Nxd7 Nxd7 15. dxc5 O-O 16. c6 Nb6 17. e4 Re8 18. exd5 exd5 19. Nxd5 Nxd5 20. Bxd5 Qb6 21. Qc3 Rad8 22. Kg2 Bb5 23. Ba5 Rxd5 24. Bxb6 Rxd1 25. Be3 Rc8 26. c7 Bf1+ 27. Kf3 Rd7 28. Qe1 Bb5 29.
Bf4 Bc6+ 30. Kg4 Rd5 31. h4 h5+ 32. Kh3 Bd7+ 33. Kh2 Be6 34. Qb1 Rd7 35. Kg2 Rd4 36. Qb7 Bd5+ 0-1

[Event "Late-Titled-Tuesday-Blitz-March-26-2024"]
[Site "Chess.com"]
[Date "2024.03.26"]
[Round "4"]
[White "David_ATM"]
[Black "stolencandy13"]
[Result "0-1"]
[WhiteElo "2384"]
[BlackElo "2662"]
[TimeControl "180+1"]
[EndTime "14:41:07 PDT"]
[Termination "stolencandy13 won on time"]

1. e4 c6 2. Nc3 d5 3. Nf3 Bg4 4. h3 Bxf3 5. Qxf3 Nf6 6. exd5 cxd5 7. Bb5+ Nc6 8. Bxc6+ bxc6 9. d4 e6 10. O-O c5 11.
Bf4 Bd6 12. Nb5 Bxf4 13. Qxf4 O-O 14. dxc5 Qa5 15. a4 Ne4 16. f3 e5 17. Qxe5 Nxc5 18. Qxd5 Rac8 19. c3 Nxa4 20. b3 Qb6+ 21. Kh1 Nxc3 22.
Nxc3 Rxc3 23. Qa5 Rxb3 24. Qxa7 Qg6 25. Ra6 Qg3 26. Qf2 Qg5 27. Ra7 h6 28. Rd1 Qf6 29.
Qd4 Qg5 30. Qd2 Qc5 31. Qd4 Qg5 32. Qd2 Qg3 33. Qe1 Qb8 34. Qg1 Rb2 35. Re1 Re8 36.
Rxe8+ Qxe8 37. Ra1 Re2 38. Re1 Rxe1 39. Kh2 Rxg1 0-1

[Event "Late-Titled-Tuesday-Blitz-March-26-2024"]
[Site "Chess.com"]
[Date "2024.03.26"]
[Round "4"]
[White "SuperJesus88"]
[Black "GothamChess"]
[Result "1-0"]
[WhiteElo "2491"]
[BlackElo "2669"]
[TimeControl "180+1"]
[EndTime "14:41:13 PDT"]
[Termination "SuperJesus88 won by checkmate"]

1. e4 d5 2. exd5 Qxd5 3. Nc3 Qa5 4. Bc4 Nf6 5. d3 Bf5 6. Ne2 e6 7. Bd2 c6 8. O-O Qc7 9. Ng3 Bg6 10. f4 Bc5+ 11. Kh1 O-O 12. f5 exf5 13. Nxf5 Nbd7 14. Bb3 b5 15. Qf3 a5 16. a4 b4 17. Ne4 Nxe4 18. dxe4 Rae8 19. Bf4 Qb6 20. Nd6 Re7 21. Rae1 Kh8 22. e5 Bd4 23. Qg3 Nc5 24. Nc4 Qa7 25.
Bg5 Ne4 26. Rxe4 Bxe4 27. Qh4 Ree8 28. Qxe4 f6 29. Bh4 fxe5 30. Re1 Qf7 31. h3 Qh5 32.
Bg3 Qg5 33. Qg4 Qf6 34. Qe2 e4 35. Nd6 Re7 36. Nxe4 Qg6 37. Qd3 Rxe4 38. Rxe4 Rf1+ 39. Qxf1 Qxe4 40. Qf8# 1-0